 Dungeon Sprint DCSS version 0.24-a0-232-g49d9ff8 (webtiles) character file.

Game seed: 11624831605007342650

67678 stupendous the End of an Era (level 15, -2/120 HPs)
             Began as a Formicid Fighter on Apr 4, 2019.
             Was the Champion of Qazlal.
             Slain by Vywn the pandemonium lord (29 damage)
             ... in the Dungeon (Sprint V: "Ziggurat Sprint").
             The game lasted 00:14:01 (1919 turns).

stupendous the End of an Era (Formicid Fighter)     Turns: 1919, Time: 00:14:04

Health: -2/120     AC: 33    Str: 31    XL:     15   Next: 67%
Magic:  16/29      EV: 13    Int:  8    God:    Qazlal [******]
Gold:   0          SH: 43    Dex: 21    Spells: 14/14 levels left

rFire    + . .     SeeInvis +   s - +7 Screaming Sword {slice, sonic wave}
rCold    + + .     Gourm    .   r - +18 shield of the Gong {rElec rN+ MR+ EV-5}
rNeg     + . .     Faith    .   m - +5 gold dragon scales
rPois    +         Spirit   .   (helmet unavailable)
rElec    +         Reflect  .   b - +1 cloak of Starlight {rElec rC+ EV+4 Stlth--}
rCorr    .         Harm     .   Z - +1 pair of gloves {Str+3}
MR       ++...                  (no boots)
Stlth    ..........             j - amulet of regeneration
HPRegen  0.70/turn              t - +6 ring of dexterity
MPRegen  0.21/turn              x - +6 ring of strength

@: lethally poisoned (-2 -> -2), protected from physical damage, lightly
drained, repel missiles
A: permanent stasis, dig shafts and tunnels, four strong arms, antennae 3, low
mp 1
a: Dig, Upheaval, Elemental Force, Disaster Area, Renounce Religion


You were in the Dungeon.
You worshipped Qazlal.
Qazlal was exalted by your worship.
You were not hungry.

You visited 1 branch

Inventory:

Hand Weapons
 o - a +5 executioner's axe
 p - a +5 triple sword
 s - the +7 Screaming Sword (weapon) {slice, sonic wave}
   (You found it in the Dungeon)

   It inflicts extra damage upon your enemies.
 v - the +4 great sword of Departure {slice, Int+4}
   (You found it in the Dungeon)

   It inflicts extra damage upon your enemies.
   It affects your intelligence (+4).
 P - the +7 long sword of Resourcefulness {chaos, +Fly}
   (You found it in the Dungeon)

   Each time it hits an enemy it has a different, random effect.
   It lets you fly.
 T - the +8 longbow "Zephyr" {speed, Dex+3 SInv}
   (You found it in the Dungeon)

   Attacks with this weapon are significantly faster.
   It affects your dexterity (+3).
   It lets you see invisible.
Armour
 b - the +1 cloak of Starlight (worn) {rElec rC+ EV+4 Stlth--}
   (You found it in the Dungeon)

   It affects your evasion (+4).
   It protects you from cold.
   It insulates you from electricity.
   It makes you much less stealthy.
 l - a +5 crystal plate armour
 m - +5 gold dragon scales (worn)
 q - the +15 Maxwell's patent armour {-Cast -Tele rElec MR+ rCorr}
   (You found it in the Dungeon)

   It insulates you from electricity.
   It affects your resistance to hostile enchantments.
   It prevents spellcasting.
   It prevents most forms of teleportation.
   It provides partial protection from all sources of acid and corrosion.
 r - the +18 shield of the Gong (worn) {rElec rN+ MR+ EV-5}
   (You found it in the Dungeon)

   It affects your evasion (-5).
   It insulates you from electricity.
   It protects you from negative energy.
   It affects your resistance to hostile enchantments.
 O - a +0 large shield of protection
 Y - a +1 cloak of poison resistance
 Z - a +1 pair of gloves of strength (worn)
Jewellery
 a - an uncursed ring of ice
 c - the ring of Zin's Regard {rF+ MR- AC+1 Int+4 Dex+4}
   (You found it in the Dungeon)

   [ring of protection]

   It affects your AC (+1).
   It affects your intelligence (+4).
   It affects your dexterity (+4).
   It protects you from fire.
   It affects your resistance to hostile enchantments.
 j - an amulet of regeneration (around neck)
 k - an uncursed ring of protection from fire
 t - a +6 ring of dexterity (left hand)
 u - a +6 ring of dexterity
 x - a +6 ring of strength (right hand)
 y - a +6 ring of strength
 z - an uncursed ring of flight
 W - an uncursed amulet of the gourmand
 X - an uncursed ring of positive energy
Wands
 A - a wand of disintegration (7)
 B - a wand of iceblast (7)
 C - a wand of acid (7)
Scrolls
 n - a scroll of brand weapon
 I - 4 scrolls of amnesia
 J - 7 scrolls of fog
 K - a scroll of holy word
 L - 5 scrolls of identify
 M - 5 scrolls of remove curse
 N - 2 scrolls of fear
 V - 8 scrolls of enchant weapon
Potions
 d - 6 potions of might
 e - 10 potions of curing
 g - 15 potions of heal wounds
 i - 7 potions of magic
 D - 2 potions of brilliance
 E - 2 potions of invisibility
 F - 4 potions of resistance
 G - a potion of experience
 H - 5 potions of agility
Miscellaneous
 h - 2 phantom mirrors
 w - a lightning rod (4/4)
 Q - a fan of gales
 R - a lightning rod (4/4)
Comestibles
 f - 7 rations


   Skills:
 - Level 12.0(11.7) Fighting
 * Level 21.1(20.7) Long Blades
 + Level 15.6(15.3) Armour
 + Level 10.5(10.2) Dodging
 + Level 18.7(18.3) Shields
 O Level 27(26.5) Invocations


You had 14 spell levels left.
You didn't know any spells.
Your spell library was empty.

Dungeon Overview and Level Annotations

Branches:
Dungeon (1/1)

Altars:
Ashenzari
Cheibriados
Dithmenos
Elyvilon
Fedhas
Gozag
Hepliaklqana
Kikubaaqudgha
Makhleb
Nemelex Xobeh
Okawaru
Qazlal
Ru
Sif Muna
Trog
Uskayaw
Vehumet
Wu Jian
Xom
Yredelemnul
Zin
The Shining One
Beogh
Jiyva
Lugonu


Innate Abilities, Weirdness & Mutations

You cannot be hasted, slowed, berserked, paralysed or teleported.
You can dig through walls and to a lower floor.
Your four strong arms can wield two-handed weapons with a shield.
You have a pair of large antennae on your head. (SInv)
Your magical capacity is low. (-10% MP)


Message History

You feel sick. Vywn hits you!!
* * * LOW HITPOINT WARNING * * *
Your resistance to fire fades away.
You feel protected from physical attacks.
You partially resist.
You feel drained.
* * * LOW HITPOINT WARNING * * *
You block the eldritch tentacle's attack.
GONNNNG!
You block the eldritch tentacle's attack.
GONNNNG!
Vywn hits you!
* * * LOW HITPOINT WARNING * * *
You feel a strange sense of stasis.
You feel much better.
You feel sick.
You block the eldritch tentacle's attack.
PTOANNNG!
You block the eldritch tentacle's attack.
GONNNNG!
Vywn hits you!!
You die...

▓.........
▓.).≈≈::≈≈.≈≈.▓.........
▓..≈.≈≈))≈.:..▓.........
▓.≈≈.≈.?≈≈≈...▓..▓.....▓
▓≈≈≈...[...≈≈.▓.▓▓▓...▓▓
▓≈≈≈.≈....≈...▓..▓.....▓
▓.≈.≈§.§○.....▓..÷..©...
▓≈≈≈..°&○°....▓▓▓▓▓▓▓▓▓▓
▓≈☼.@...▓ ▓...8©8... ▓
▓▓.w≈§°▓▓ ▓..|."|)).
▓..▓..§.°☼.▓..▓..[:)|)..
▓......≈≈≈≈≈..▓.........
▓......©.≈.≈..▓.........
▓▓▓▓▓▓▓▓▓▓▓▓▓▓▓.........
▓......... ▓..▓...▓..
▓.▓.....▓.


You could see Vywn and an eldritch tentacle.

Vanquished Creatures
  An ancient lich (D)
  A greater mummy (D)
  5 pandemonium lords (D)
  2 Executioners (D)
  2 azure jellies (D)
  2 balrugs (D)
  A ghoul (D)
  A vampire knight (D)
  A green death (D)
  2 death oozes (D)
  A great orb of eyes (D)
  2 naga warriors (D)
  An anaconda (D)
  A dancing weapon (D)
  A death scarab (D)
  2 vampire magi (D)
  An orc high priest (D)
  A soul eater (D)
  3 skeletal warriors (D)
  A shadow demon (D)
  A spriggan druid (D)
  A gelid demonspawn (D)
  A deep elf archer (D)
  A necromancer (D)
  3 cyclopes (D)
  4 shining eyes (D)
  A moth of wrath (D)
  3 naga magi (D)
  2 guardian serpents (D)
  4 black mambas (D)
  2 eyes of devastation (D)
  An orange demon (D)
  A rime drake (D)
  A freezing wraith (D)
  A tormentor (D)
  6 ice devils (D)
  A hellwing (D)
  A guardian mummy (D)
  A troll (D)
  3 polar bears (D)
  A hornet (D)
  6 slime creatures (D)
  4 flying skulls (D)
  2 air elementals (D)
  2 vampires (D)
  3 shadows (D)
  3 wraiths (D)
  A ynoxinul (D)
  An ushabti (D)
  A golden eye (D)
  3 floating eyes (D)
  4 water moccasins (D)
  3 ice beasts (D)
  A phantom (D)
  4 black bears (D)
  A necrophage (D)
  2 ogres (D)
  4 wolves (D)
  2 wights (D)
  8 jellies (D)
  5 mummies (D)
  2 adders (D)
  3 white imps (D)
  4 oozes (D)
  3 adder skeletons (D)
  4 adder zombies (D)
  3 adder simulacra (D)
  2 ball pythons (D)
  2 bat skeletons (D)
  A bat zombie (D)
  A ball python skeleton (D)
  A giant cockroach zombie (D)
  2 leopard gecko simulacra (D)
  A leopard gecko skeleton (D)
  A quokka simulacrum (D)
  2 quokka skeletons (D)
  A quokka zombie (D)
165 creatures vanquished.

Vanquished Creatures (others)
  2 insubstantial wisps (D)
2 creatures vanquished.

Grand Total: 167 creatures vanquished

Notes
Turn   | Place    | Note
-------+----------+-------------------------------------------
     0 | D        | Found the +6 Majin-Bo {vamp, Archmagi MP+6 Int+6}
     0 | D        | Found the +7 great mace "Firestarter" {inner flame, rF++}
     0 | D        | stupendous the Formicid Fighter began the quest for the
                  | Orb.
     0 | D        | Reached XP level 1. HP: 18/18 MP: 1/1
     3 | D        | Found a blossoming altar of Fedhas.
     5 | D        | Found a viscous altar of Jiyva.
     5 | D        | Found a hazy altar of Hepliaklqana.
     5 | D        | Found a transporter.
     5 | D        | Found an opulent altar of Gozag.
     5 | D        | Found an ancient bone altar of Kikubaaqudgha.
     5 | D        | Found a corrupted altar of Lugonu.
    15 | D        | Found a burning altar of Makhleb.
    16 | D        | Found an iron altar of Okawaru.
    16 | D        | Found a stormy altar of Qazlal.
    16 | D        | Found a sparkling altar of Nemelex Xobeh.
    16 | D        | Found a sacrificial altar of Ru.
    16 | D        | Found a deep blue altar of Sif Muna.
    20 | D        | Found the +9 heavy crossbow "Sniper" {velocity, Acc+∞ SInv}
    20 | D        | Found the +10 dark maul {crush}
    20 | D        | Found the +15 Maxwell's patent armour {-Cast -Tele rElec
                  | MR+ rCorr}
    20 | D        | Found the +18 shield of the Gong {rElec rN+ MR+ EV-5}
    20 | D        | Found the cursed +14 obsidian axe {chop, +Fly SInv *Curse}
    22 | D        | Found the +6 shillelagh "Devastator" {shatter}
    22 | D        | Found the +11 plutonium sword {*Contam Stlth-}
    22 | D        | Found the +8 lance "Wyrmbane" {slay drac, rPois rF+ rC+
                  | AC+3}
    22 | D        | Found the +9 sword of Zonguldrok {reap}
    22 | D        | Found the cursed +13 scythe of Curses {drain, *Curse}
    22 | D        | Found the +0 sword of Power
    22 | D        | Found the +7 mace of Variability {chain chaos}
    22 | D        | Found the +7 Singing Sword {slice, sonic wave}
    22 | D        | Found the +7 longbow "Piercer" {penet, EV-2}
    24 | D        | Found a bloodstained altar of Trog.
   100 | D        | Became a worshipper of Qazlal Stormbringer
   120 | D        | Entered arena 2.
   120 | D        | Noticed a wolf
   120 | D        | Noticed a black bear
   120 | D        | Found a transporter.
   129 | D        | Killed a wolf
   129 | D        | Reached skill level 5 in Fighting
   129 | D        | Reached skill level 5 in Armour
   129 | D        | Reached XP level 2. HP: 8/27 MP: 2/2
   129 | D        | Reached XP level 3. HP: 10/33 MP: 3/3
   129 | D        | Reached XP level 4. HP: 12/39 MP: 4/4
   130 | D        | Killed a black bear
   130 | D        | Reached skill level 5 in Long Blades
   130 | D        | Reached XP level 5. HP: 15/47 MP: 5/5
   342 | D        | Got the +7 long sword of Resourcefulness {chaos, +Fly}
   347 | D        | Entered arena 3.
   347 | D        | Noticed a deep elf archer
   347 | D        | Noticed a +0 scimitar of freezing
   347 | D        | Noticed an orc high priest
   347 | D        | Found a transporter.
   351 | D        | Noticed a chaos spawn
   354 | D        | Noticed a hellwing
   354 | D        | Killed a +0 scimitar of freezing
   354 | D        | Reached * piety under Qazlal
   354 | D        | Reached skill level 10 in Shields
   354 | D        | Reached XP level 6. HP: 23/60 MP: 6/6
   354 | D        | Reached XP level 7. HP: 25/65 MP: 7/7
   354 | D        | Reached XP level 8. HP: 28/72 MP: 8/8
   354 | D        | Killed an orc high priest
   354 | D        | Reached skill level 10 in Fighting
   354 | D        | Reached skill level 10 in Armour
   356 | D        | Killed a deep elf archer
   356 | D        | Reached skill level 10 in Long Blades
   356 | D        | Reached XP level 9. HP: 32/81 MP: 9/9
   571 | D        | Entered arena 4.
   571 | D        | Found a transporter.
   576 | D        | Reached ** piety under Qazlal
   781 | D        | Entered arena 5.
   781 | D        | Found a transporter.
   787 | D        | Reached *** piety under Qazlal
   794 | D        | Entered arena 6.
   794 | D        | Noticed a polar bear
   794 | D        | Found a transporter.
   800 | D        | Reached **** piety under Qazlal
   805 | D        | Killed a polar bear
   805 | D        | Reached skill level 2 in Invocations
   805 | D        | Reached XP level 10. HP: 81/89 MP: 9/11
   832 | D        | Entered arena 7.
   832 | D        | Noticed a cyclops
   832 | D        | Noticed a cyclops
   832 | D        | Noticed a cyclops
   833 | D        | Found a transporter.
   836 | D        | Reached skill level 3 in Invocations
   839 | D        | Reached skill level 4 in Invocations
   841 | D        | Killed a cyclops
   841 | D        | Reached ***** piety under Qazlal
   841 | D        | Reached skill level 5 in Invocations
   841 | D        | Killed a cyclops
   841 | D        | Reached skill level 6 in Invocations
   843 | D        | Killed a cyclops
   843 | D        | Reached skill level 7 in Invocations
   994 | D        | Entered arena 8.
   994 | D        | Noticed a naga mage
   995 | D        | Found a transporter.
  1004 | D        | Killed a naga mage
  1004 | D        | Reached skill level 8 in Invocations
  1134 | D        | Entered arena 9.
  1134 | D        | Noticed a spriggan druid
  1135 | D        | Found a transporter.
  1137 | D        | Reached skill level 15 in Shields
  1138 | D        | Reached ****** piety under Qazlal
  1145 | D        | Reached skill level 9 in Invocations
  1145 | D        | Killed a spriggan druid
  1145 | D        | Reached XP level 11. HP: 95/95 MP: 16/18
  1155 | D        | Got the +4 great sword of Departure {slice, Int+4}
  1158 | D        | Entered arena 10.
  1158 | D        | Noticed a moth of wrath
  1159 | D        | Found a transporter.
  1168 | D        | Reached skill level 1 in Dodging
  1168 | D        | Reached skill level 10 in Invocations
  1172 | D        | Killed a moth of wrath
  1390 | D        | Entered arena 11.
  1390 | D        | Noticed a shining eye
  1390 | D        | Noticed a shining eye
  1391 | D        | Found a transporter.
  1393 | D        | Gained mutation: Your magical capacity is low. (-10% MP) [a
                  | shining eye]
  1394 | D        | Killed a shining eye
  1394 | D        | Killed a shining eye
  1394 | D        | Reached skill level 11 in Invocations
  1419 | D        | Entered arena 12.
  1419 | D        | Noticed a shining eye
  1419 | D        | Noticed an azure jelly
  1419 | D        | Noticed a great orb of eyes
  1420 | D        | Noticed a death ooze
  1428 | D        | Killed an azure jelly
  1428 | D        | Reached skill level 12 in Invocations
  1429 | D        | Killed a shining eye
  1429 | D        | Reached skill level 15 in Long Blades
  1429 | D        | Reached skill level 13 in Invocations
  1430 | D        | Killed a death ooze
  1430 | D        | Reached XP level 12. HP: 101/101 MP: 14/20
  1432 | D        | Found the +8 longbow "Zephyr" {speed, Dex+3 SInv}
  1432 | D        | Killed a great orb of eyes
  1432 | D        | Reached skill level 14 in Invocations
  1434 | D        | Found a transporter.
  1445 | D        | Entered arena 13.
  1445 | D        | Noticed an azure jelly
  1445 | D        | Noticed a death ooze
  1454 | D        | Killed an azure jelly
  1454 | D        | Reached skill level 15 in Invocations
  1455 | D        | Killed a death ooze
  1455 | D        | Reached skill level 16 in Invocations
  1467 | D        | Found a transporter.
  1578 | D        | Entered arena 14.
  1599 | D        | Reached skill level 17 in Invocations
  1609 | D        | Found a transporter.
  1628 | D        | Entered arena 15.
  1629 | D        | Noticed a death scarab
  1630 | D        | Noticed a greater mummy
  1631 | D        | Found a transporter.
  1633 | D        | Killed a death scarab
  1634 | D        | Reached skill level 18 in Invocations
  1641 | D        | Killed a greater mummy
  1641 | D        | Reached skill level 21 in Invocations
  1641 | D        | Reached XP level 13. HP: 64/107 MP: 16/24
  1706 | D        | Entered arena 16.
  1706 | D        | Noticed an anaconda
  1707 | D        | Identified the +1 shortbow of Kugh {flame, rElec rF++}
  1707 | D        | Noticed a naga warrior
  1707 | D        | Noticed a naga warrior
  1718 | D        | Killed a naga warrior
  1719 | D        | Reached skill level 22 in Invocations
  1722 | D        | Killed an anaconda
  1728 | D        | Killed a naga warrior
  1728 | D        | Reached skill level 23 in Invocations
  1730 | D        | Found the +1 cloak of Starlight {rElec rC+ EV+4 Stlth--}
  1730 | D        | Found a transporter.
  1753 | D        | Got the ring of Zin's Regard {rF+ MR- AC+1 Int+4 Dex+4}
  1770 | D        | Entered arena 17.
  1770 | D        | Noticed a vampire knight
  1770 | D        | Identified the ring of Qihoraf {Fire Int+3}
  1771 | D        | Identified the ring "Itig" {*Slow rN++ Int+2 Dex+6}
  1777 | D        | Noticed an ancient lich
  1781 | D        | Noticed a ghoul
  1782 | D        | Reached skill level 24 in Invocations
  1782 | D        | Killed a vampire knight
  1782 | D        | Identified the +7 hunting sling of Chance {speed, +Blink
                  | +Fly MR- Stlth+}
  1787 | D        | Killed an ancient lich
  1787 | D        | Reached skill level 26 in Invocations
  1787 | D        | Reached XP level 14. HP: 99/114 MP: 25/27
  1795 | D        | Killed a ghoul
  1798 | D        | Found a transporter.
  1807 | D        | Entered arena 18.
  1820 | D        | Reached skill level 27 in Invocations
  1827 | D        | Found a transporter.
  1829 | D        | Reached skill level 5 in Dodging
  1899 | D        | Entered arena 19.
  1901 | D        | Noticed a balrug
  1901 | D        | Noticed Xinecidgh the pandemonium lord
  1901 | D        | Noticed Vywn the pandemonium lord
  1901 | D        | Noticed Teipt the pandemonium lord
  1901 | D        | Noticed a balrug
  1902 | D        | Noticed an Executioner
  1902 | D        | Noticed Ynnoex the pandemonium lord
  1902 | D        | Noticed Nib Bake the pandemonium lord
  1902 | D        | Noticed an Executioner
  1903 | D        | Noticed Xilojets the pandemonium lord
  1905 | D        | Killed a balrug
  1905 | D        | Killed an Executioner
  1905 | D        | Killed a balrug
  1906 | D        | Killed Nib Bake the pandemonium lord
  1906 | D        | Killed Ynnoex the pandemonium lord
  1906 | D        | Reached XP level 15. HP: 71/119 MP: 21/29
  1906 | D        | Killed Xinecidgh the pandemonium lord
  1906 | D        | Killed Xilojets the pandemonium lord
  1906 | D        | Killed an Executioner
  1915 | D        | Killed Teipt the pandemonium lord
  1915 | D        | Reached skill level 15 in Armour
  1915 | D        | Reached skill level 10 in Dodging
  1918 | D        | HP: 6/120 [Vywn the pandemonium lord (12)]
  1919 | D        | Slain by Vywn the pandemonium lord

Levels and vault maps discovered:
D:        sprint_v [room_start, room_1, room_2, room_3, room_4, room_5, room_6,
          room_7, room_8, room_9, room_10, room_11, room_12, room_13, room_14,
          room_15, room_16, room_17, room_18, room_19, room_20, room_21,
          room_22, room_23, room_24, room_25, room_26, room_27]

Skill      XL: |  1  2  3  4  5  6  7  8  9 10 11 12 13 14 15 |
---------------+----------------------------------------------+-----
Fighting       | 5 6 9 11 12 | 12.0
Long Blades    | 4 5 8 10 11 13 15 17 19 21 | 21.1
Armour         | 5 6 9 11 12 13 15 | 15.6
Shields        | 6 7 10 12 13 15 17 18 | 18.7
Invocations    | 2 9 13 21 26 27 | 27.0
Dodging        | 4 8 10 | 10.5

Action                   |  1- 3 |  4- 6 |  7- 9 | 10-12 | 13-15 || total
-------------------------+-------+-------+-------+-------+-------++-------
Melee: Double sword      |     9 |     7 |    26 |    89 |    71 ||   202
Invok: Disaster Area     |       |       |       |     2 |     2 ||     4
  Use: Potion            |       |       |       |       |     3 ||     3
  Eat: Chunk             |       |       |       |     2 |     1 ||     3
Armor: Crystal plate arm |    22 |     7 |     4 |    31 |       ||    64
       Gold dragon scale |       |       |       |       |    30 ||    30
Dodge: Dodged            |       |       |     2 |       |     8 ||    10
Block: Shield            |    27 |     8 |    44 |   147 |   148 ||   374
       Rpst.: Double sword |       |       |       |       |     1 ||     1

Table legend:
 A = Non-vault XP
 B = Vault XP
 C = Vault XP percentage of total XP
 D = Non-vault monster count
 E = Vault monster count
 F = Vault count percentage of total count
                 A         B        C        D         E       F
            +---------+---------+-------+---------+---------+-------
      Total |       0 |   96683 | 100.0 |       0 |     165 | 100.0
            +---------+---------+-------+---------+---------+-------
          D |       0 |   96683 | 100.0 |       0 |     165 | 100.0
            +---------+---------+-------+---------+---------+-------
